Map: Frozen Temple

Players

Iaguz

  • Race: Terran Terran

viOlet - Winner!

  • Race: Zerg Zerg

Event: DreamHack Open Tours WCS Spring Championship

VOD

Have the link to the VOD?

Description

Time

  • Played on: May 15, 2016, 9:02 a.m.
  • Length: 15:13

All games in this series

Show
View Real Time Build Order
Export as new Build Order

Iaguz Terran 

Build Orders: Reaper Expand, MMM Bio 

Get SALT Encoding   

  12  0:00  SCV  
  13  0:12  SCV  
  14  0:17  Supply Depot  
  14  0:24  SCV  
  15  0:39  SCV  
  15  0:40  Barracks  
  16  0:48  Refinery  
  16  0:51  SCV  
  17  1:03  SCV  
  18  1:15  SCV  
  19  1:27  Orbital Command  
  19  1:32  Reaper  
  20  1:39  Command Center  
  20  1:49  Supply Depot  
  20  1:53  SCV  
  21  2:04  Marine  
  22  2:09  Factory  
  22  2:11  SCV  
  23  2:23  SCV  
  23  2:27  Barracks Reactor  
  24  2:35  SCV  
  25  2:38  Command Center  
  25  2:47  SCV  
  26  2:59  SCV  
  26  3:05  Orbital Command  
  27  3:10  Refinery  
  27  3:12  Marine x2  
  29  3:13  Factory Tech Lab  
  29  3:14  SCV  
  30  3:26  SCV  
  31  3:31  SCV, Marine  
  31  3:32  Marine  
  31  3:33  Siege Tank  
  37  3:38  SCV  
  38  3:47  Bunker  
  38  3:48  Starport  
  38  3:49  Marine  
  38  3:50  SCV x2, Marine  
  42  3:55  Orbital Command  
  43  4:02  SCV  
  43  4:03  SCV  
  43  4:09  Marine x2  
  43  4:12  Siege Tank  
  43  4:14  SCV  
  43  4:15  SCV  
  45  4:23  SCV  
  46  4:27  SCV  
  46  4:31  Medivac  
  49  4:32  SCV  
  49  4:35  Supply Depot, SCV  
  53  4:40  SCV  
  53  4:41  Supply Depot  
  53  4:44  SCV  
  55  4:47  SCV  
  55  4:50  Barracks  
  54  4:53  SCV  
  54  4:56  SCV, Marine, Stimpack  
  54  4:59  SCV  
  58  5:04  Factory Reactor  
  58  5:06  Starport Reactor  
  57  5:08  Barracks  
  57  5:09  SCV x2  
  57  5:14  SCV  
  60  5:18  Refinery  
  60  5:19  Refinery  
  60  5:23  SCV x2  
  60  5:24  Marine  
  60  5:26  SCV  
  60  5:28  Engineering Bay x2  
  64  5:35  SCV x2  
  64  5:37  Barracks  
  64  5:38  Marine, Barracks  
  64  5:39  Marine  
  68  5:43  Orbital Command  
  68  5:46  Marine  
  68  5:48  Widow Mine x2  
  68  5:49  SCV  
  75  5:50  SCV  
  75  5:53  Starport Reactor  
  75  5:56  Supply Depot, Missile Turret x2  
  75  5:57  Supply Depot  
  75  5:58  Supply Depot  
  75  6:07  SCV x2, Missile Turret  
  75  6:10  Missile Turret  
  77  6:13  Missile Turret  
  77  6:16  SCV  
  77  6:19  SCV x2, Marauder, Marine x2  
  77  6:25  Marine x2, Widow Mine  
  83  6:28  SCV  
  83  6:31  SCV  
  83  6:32  SCV  
  85  6:38  Terran Infantry Weapons Level 1, Terran Infantry Armor Level 1  
  85  6:40  SCV  
  85  6:43  SCV, Barracks Reactor x2  
  85  6:44  SCV  
  85  6:46  Missile Turret  
  87  6:49  Marine x2  
  87  6:51  Marine  
  87  6:52  SCV, Marine x2  
  93  6:56  SCV  
  93  7:00  SCV  
  95  7:04  SCV  
  95  7:07  Combat Shields  
  96  7:09  SCV  
  96  7:14  Marine  
  96  7:15  Supply Depot  
  101  7:16  Supply Depot  
  101  7:17  Supply Depot  
  101  7:22  Marine  
  101  7:28  Barracks x2  
  101  7:30  Barracks  
  101  7:31  Marine x2  
  101  7:36  Marine x2  
  101  7:37  Medivac x2, Widow Mine x2, Armory, SCV x2  
  109  7:38  SCV  
  114  7:49  SCV  
  114  7:50  Marine  
  114  7:51  Marauder  
  117  7:53  Marine x4  
  117  7:54  Marine x2  
  122  8:01  Supply Depot  
  122  8:02  Supply Depot  
  122  8:03  Supply Depot  
  122  8:04  Supply Depot, Marine  
  121  8:08  Marine  
  121  8:11  Refinery, Marine  
  123  8:13  Marauder  
  125  8:23  Medivac x2, Marine x4  
  125  8:24  Marine  
  125  8:26  Factory Tech Lab  
  134  8:31  Barracks Tech Lab x2  
  134  8:36  Supply Depot, Terran Infantry Weapons Level 2, Terran Infantry Armor Level 2  
  134  8:38  Supply Depot x2, Marauder, Marine x2  
  134  8:41  Supply Depot, Marine x2  
  137  8:43  Marine  
  127  8:49  Marauder, Marine x2  
  127  8:51  Marauder, Marine  
  120  8:59  Marine x2  
  120  9:00  Marauder  
  120  9:01  Marine x3  
  110  9:07  Marine  
  88  9:11  Marauder  
  88  9:12  Marauder  
  87  9:18  Marine x3  
  87  9:19  Marine x4  
  87  9:21  Marauder  
  91  9:24  SCV x3, Marine  
  91  9:30  Siege Tank  
  93  9:32  Marauder  
  93  9:34  Marauder  
  93  9:35  Marine  
  93  9:36  Marine  
  93  9:37  Marine  
  93  9:38  Marine x2  
  95  9:41  Marine  
  95  9:42  Marauder  
  95  9:43  SCV  
  92  9:46  SCV x2  
  94  9:54  Marauder  
  94  9:55  SCV, Marauder  
  94  9:58  SCV x2  
  94  9:59  Marine x2  
  99  10:01  Marine  
  99  10:02  Marine x4  
  99  10:07  Marauder, Marine x2  
  106  10:09  SCV  
  106  10:10  SCV  
  108  10:14  Marine  
  108  10:15  Marauder  
  108  10:16  Marine, Concussive Shells  
  108  10:18  SCV  
  108  10:20  Marine  
  114  10:21  Marine  
  114  10:25  Marine  
  114  10:26  Marine x3  
  121  10:33  Marine x2  
  121  10:35  Medivac x2  
  127  10:37  Siege Tank  
  127  10:39  Marine x2  
  127  10:41  Marauder  
  127  10:42  Marauder  
  134  10:45  Marine  
  134  10:46  Marauder  
  134  10:47  Marine  
  137  10:53  Supply Depot, Marine  
  137  10:54  Marine  
  137  10:55  Supply Depot  
  137  10:56  Marine  
  140  11:02  Marauder  
  140  11:03  Marine x3  
  144  11:07  Medivac  
  144  11:11  Siege Tank  
  149  11:13  Medivac  
  149  11:17  Marine  
  149  11:18  Marauder  
  154  11:29  Liberator  
  154  11:31  Marine  
  154  11:32  Marauder x2, Marine  
  159  11:36  Marine x3  
  159  11:38  Marine  
  159  11:39  Marauder  
  163  11:45  Marine x2  
  163  11:46  Marine  
  166  11:59  Marine x2  
  166  12:00  Marauder  
  160  12:09  Marine  
  160  12:10  Marauder, Marine x6  
  149  12:42  Marauder x3, Marine x4, Siege Tank  
  149  12:43  Marine  
  122  12:44  Marine  
  122  12:46  Marine  
  94  12:52  Marine  
  94  12:54  Medivac x2  
  94  12:55  Marine x2  
  90  13:00  Marine  
  90  13:03  Marauder x3  
  84  13:07  Marine  
  82  13:15  Marine  
  82  13:16  Marine  
  82  13:17  Marine x4  
  88  13:25  Marine x2  
  88  13:26  Marine x2  
  88  13:27  Siege Tank  
  95  13:28  Medivac  
  95  13:32  Medivac  
  99  13:44  Marauder x2, Marine x5  
  108  13:48  Marine x2  
  108  13:49  Marauder  
  112  14:05  Liberator x2  
  112  14:09  Marine x2  
  116  14:10  Marine x5  
  121  14:18  Marine x2  
  121  14:20  Orbital Command  
  121  14:23  Siege Tank  
  128  14:30  Marauder x2  
  126  14:49  Marine x2  
  126  14:50  Marauder  
  126  14:51  Marine  
  126  14:52  Marauder  
Show
View Real Time Build Order
Export as new Build Order

viOlet Zerg - Winner!

Build Orders: Pool First 

Get SALT Encoding   

  12  0:00  Drone  
  13  0:13  Overlord  
  13  0:18  Drone  
  14  0:31  Drone x2  
  16  0:37  Drone  
  17  0:46  Spawning Pool  
  17  0:48  Drone  
  17  1:07  Hatchery  
  16  1:13  Drone  
  16  1:18  Drone  
  18  1:27  Extractor  
  18  1:31  Drone  
  18  1:32  Queen  
  20  1:33  Zergling x2  
  21  1:43  Drone  
  22  1:54  Overlord  
  22  2:12  Queen  
  22  2:13  Drone x2  
  26  2:21  Queen  
  28  2:23  Drone x2  
  28  2:27  Roach Warren  
  29  2:33  Extractor  
  29  2:35  Drone x2  
  30  2:39  Spore Crawler  
  31  2:44  Overlord  
  31  2:46  Drone x2  
  31  2:48  Drone  
  34  3:08  Roach x4  
  34  3:12  Drone  
  43  3:16  Lair  
  43  3:18  Drone  
  43  3:19  Overlord  
  43  3:30  Drone  
  43  3:32  Extractor  
  43  3:38  Drone x2  
  43  3:39  Overlord, Drone x2  
  47  3:44  Drone x2  
  47  3:48  Extractor  
  48  3:51  Drone, Extractor  
  48  3:52  Drone  
  48  3:53  Drone  
  50  3:57  Overlord  
  50  4:01  Drone x2  
  52  4:08  Drone  
  52  4:09  Drone  
  54  4:15  Spire  
  54  4:16  Drone x3  
  54  4:33  Drone x2, Hatchery  
  54  4:38  Drone x2  
  57  4:44  Drone  
  57  4:45  Drone  
  59  4:50  Evolution Chamber  
  58  4:53  Drone x2  
  60  5:07  Drone x4  
  62  5:08  Overlord x2  
  62  5:09  Drone x2  
  66  5:26  Mutalisk x3  
  66  5:27  Mutalisk  
  66  5:28  Mutalisk x3  
  78  5:33  Zerg Missile Weapons Level 1  
  80  5:38  Glial Reconstitution  
  80  5:40  Overlord x2  
  80  5:46  Overlord x2  
  80  5:53  Drone x2  
  82  6:00  Drone x3  
  82  6:04  Drone  
  86  6:09  Drone x5  
  86  6:10  Drone x2  
  89  6:20  Drone  
  89  6:21  Drone x2  
  92  6:29  Roach x3  
  92  6:31  Extractor x2  
  96  6:36  Roach x3  
  102  6:40  Overlord x3  
  102  6:44  Roach x4  
  110  6:55  Roach x2  
  110  6:59  Roach x2  
  110  7:00  Overlord x2  
  118  7:02  Roach  
  118  7:06  Hatchery  
  118  7:07  Roach  
  121  7:11  Roach x2  
  121  7:12  Overlord x2, Roach x2  
  129  7:17  Evolution Chamber  
  129  7:20  Roach x3  
  134  7:23  Roach x2  
  134  7:24  Roach  
  134  7:26  Roach  
  134  7:29  Roach x2  
  146  7:39  Roach  
  146  7:40  Roach x2  
  152  7:44  Overlord x3  
  152  7:51  Roach  
  154  7:54  Roach  
  154  7:55  Zerg Missile Weapons Level 2, Roach x4  
  154  7:56  Zerg Ground Armor Level 1  
  162  7:58  Overlord  
  162  8:02  Roach x3  
  164  8:06  Roach x2  
  164  8:10  Overseer  
  164  8:12  Roach  
  168  8:16  Ravager x6  
  168  8:17  Ravager, Queen  
  168  8:18  Drone x3  
  180  8:24  Ravager x3  
  183  8:30  Drone x5  
  183  8:31  Drone x3  
  183  8:34  Metabolic Boost  
  191  8:36  Infestation Pit  
  190  8:46  Roach x2  
  190  8:47  Roach x6  
  168  9:02  Roach x9  
  164  9:04  Roach  
  164  9:09  Roach  
  151  9:13  Roach  
  151  9:14  Roach  
  151  9:15  Roach x2  
  151  9:16  Roach  
  156  9:18  Roach  
  156  9:23  Overseer  
  156  9:24  Spore Crawler, Roach  
  150  9:30  Roach  
  151  9:32  Roach  
  151  9:33  Roach  
  144  9:39  Roach  
  144  9:40  Roach x3  
  144  9:43  Roach  
  144  9:44  Roach  
  142  9:45  Drone  
  142  9:46  Drone x9  
  142  9:52  Drone x2  
  142  9:53  Overseer  
  142  9:55  Zerg Ground Armor Level 2  
  142  9:59  Drone  
  140  10:00  Drone x3  
  143  10:12  Roach  
  143  10:13  Roach x4, Extractor  
  152  10:16  Roach x3  
  158  10:25  Pathogen Glands  
  158  10:34  Hatchery  
  158  10:35  Ravager x4  
  158  10:36  Ravager x2, Zergling x2  
  158  10:37  Zergling x14  
  158  10:42  Zergling x2  
  172  10:43  Zergling x8  
  172  10:49  Extractor  
  175  10:51  Hive  
  175  10:57  Zergling x12  
  181  11:09  Ravager x6  
  181  11:11  Zergling x20  
  196  11:18  Infestor  
  199  11:23  Zergling x2  
  196  11:41  Roach x2  
  196  11:44  Roach  
  183  11:47  Infestor x2, Roach  
  177  11:55  Infestor x2  
  177  11:59  Hatchery  
  178  12:04  Drone  
  178  12:05  Drone x2  
  177  12:12  Zergling x20  
  187  12:18  Zergling x8  
  191  12:23  Zergling x12  
  186  12:43  Zergling x8  
  186  12:44  Zergling x10  
  153  12:52  Zergling x22  
  153  12:58  Infestor  
  137  13:03  Ultralisk Cavern  
  137  13:05  Roach x2  
  122  13:13  Zerg Melee Weapons Level 1  
  122  13:15  Infestor x2  
  122  13:16  Roach x2  
  122  13:17  Zergling x6  
  133  13:20  Drone  
  133  13:23  Extractor  
  133  13:31  Ravager, Roach  
  133  13:32  Ravager x4, Roach  
  142  13:34  Zergling x2  
  142  13:35  Zergling x16  
  142  13:40  Extractor  
  150  13:43  Extractor  
  149  13:49  Zergling x12  
  149  13:55  Spore Crawler, Drone x3  
  157  13:56  Spine Crawler  
  157  14:01  Ravager  
  157  14:02  Ravager x3  
  160  14:03  Zergling x12  
  166  14:13  Ultralisk  
  171  14:28  Ultralisk  
  171  14:31  Zergling x12  

Tags
 
Add a new tag
Caveats
  • Supply blocks, unpowered buildings, or Contaminate may cause inaccurate times.
  • Supply counts are checked every 10 seconds.